 Dungeon Sprint DCSS version 0.21.1-1-g345015f (webtiles) character file.

1000000 Fang the Executioner (level 11, -14/103 HPs)
             Began as a Minotaur Gladiator on May 3, 2018.
             Was an Initiate of Makhleb.
             Demolished by a bag of meat
             ... wielding a +9 war axe
              (30 damage)
             ... in the Dungeon (Sprint VIII: "Arena of Blood").
             The game lasted 00:00:12 (10 turns).

Fang the Executioner (Minotaur Gladiator)             Turns: 10, Time: 00:00:13

Health: -14/103    AC:  3    Str: 23    XL:     11   Next: 71%
Magic:  10/10      EV: 22    Int:  5    God:    Makhleb [......]
Gold:   0          SH:  0    Dex: 11    Spells: 10/10 levels left

rFire    . . .     SeeInvis .   l - +∞ Axe of Woe
rCold    . . .     Gourm    .   (shield currently unavailable)
rNeg     . . .     Faith    .   b - +0 leather armour
rPois    .         Spirit   .   c - +0 hat
rElec    .         Reflect  .   (no cloak)
rCorr    .         Harm     .   (no gloves)
MR       .....     NoTele   +   (no boots)
Stlth    +.........             (no amulet)
HPRegen  0.27/turn              (no ring)
MPRegen  0.12/turn              (no ring)

@: no status effects
A: retaliatory headbutt, horns 2
a: Renounce Religion


You were in the Dungeon.
You worshipped Makhleb.
Makhleb was noncommittal.
You were not hungry.

You visited 1 branch

Inventory:

Hand Weapons
 a - a +0 war axe
 l - the +∞ Axe of Woe (weapon)
   (You found it in the Dungeon)
Missiles
 d - 3 throwing nets (quivered)
Armour
 b - a +0 leather armour (worn)
 c - a +0 hat (worn)
Scrolls
 k - a scroll of blinking
Potions
 e - a potion of curing
 g - a potion of heal wounds
 h - a potion of haste
 i - 2 potions of magic
 j - a potion of berserk rage
Comestibles
 f - a ration


   Skills:
 + Level 11.6 Fighting
 + Level 21.1 Axes
 + Level 9.9 Throwing
 + Level 18.9 Dodging


You had 10 spell levels left.
You didn't know any spells.

Dungeon Overview and Level Annotations

Branches:
Dungeon (1/1)

Altars:
Makhleb


Innate Abilities, Weirdness & Mutations

You reflexively headbutt those who attack you in melee.
You have a pair of horns on your head.


Message History

You have reached level 8!
You feel stronger.
You have reached level 9!
Your experience leads to an increase in your attributes!
Increase (S)trength, (I)ntelligence, or (D)exterity?
You feel stronger.
You have reached level 10!
You have reached level 11!
You hear a shout!
The meat berserker appears out of thin air!
A meat berserker comes into view. It is wielding a +9 battleaxe.
You hear a shout! x9
The bag of meat appears out of thin air!
A bag of meat comes into view. It is wielding a +9 war axe.
You hear a shout!
The bag of meat hits you with a +9 war axe!!
* * * LOW HITPOINT WARNING * * *
You hear a shout! x3
The bag of meat hits you with a +9 war axe!!
You die...

#... ..# . #...
...# ..###...
...###. .
......###.o......
....._.........
#....O# ....
#_.<._# .....
...#.....#......
....O._.@o......
...o..###o.......
..###...
...###... .
#.......# ..
#......o#
.........
.........
........O.


You could see a large bag of meat (inner flame), 2 meat berserkers and 5 bags of
meat.

Vanquished Creatures
  An orc (D)
1 creature vanquished.

Notes
Turn   | Place    | Note
-------+----------+-------------------------------------------
     0 | D        | Found the +∞ Axe of Woe
     0 | D        | Fang the Minotaur Gladiator began the quest for the Orb.
     0 | D        | Reached XP level 1. HP: 18/18 MP: 0/0
     4 | D        | Became a worshipper of Makhleb the Destroyer
     6 | D        | Noticed a bag of meat
     6 | D        | Noticed a bag of meat
     9 | D        | Noticed a bag of meat
     9 | D        | Noticed a meat berserker
     9 | D        | Noticed a bag of meat
    10 | D        | Killed a bag of meat
    10 | D        | Reached skill level 21 in Axes
    10 | D        | Reached XP level 2. HP: 16/40 MP: 1/1
    10 | D        | Reached XP level 3. HP: 19/47 MP: 2/2
    10 | D        | Reached XP level 4. HP: 23/55 MP: 3/3
    10 | D        | Reached XP level 5. HP: 25/61 MP: 4/4
    10 | D        | Reached XP level 6. HP: 28/68 MP: 5/5
    10 | D        | Reached XP level 7. HP: 31/74 MP: 6/6
    10 | D        | Reached XP level 8. HP: 34/82 MP: 7/7
    10 | D        | Reached XP level 9. HP: 37/89 MP: 8/8
    10 | D        | Reached XP level 10. HP: 40/96 MP: 9/9
    10 | D        | Reached XP level 11. HP: 43/103 MP: 10/10
    10 | D        | Demolished by a bag of meat

Skill      XL: |  1 |
---------------+----+-----
Fighting       | 11 | 11.6
Axes           | 21 | 21.1
Throwing       | 9 |  9.9
Dodging        | 18 | 18.9

Action                   |  1- 3 |  4- 6 |  7- 9 | 10-12 || total
-------------------------+-------+-------+-------+-------++-------
Melee: Executioner's axe |     1 |       |       |       ||     1
Dodge: Dodged            |     1 |       |       |       ||     1
